 Dungeon Crawl Stone Soup version 0.20.1-1-g8b1a95d66d (webtiles) character file.

79 Jynx the Insei (level 4, -2/35 HPs)
             Began as a Draconian Transmuter on Dec 27, 2017.
             Slain by a gnoll
             ... wielding a cursed -1 halberd
              (15 damage)
             ... on level 2 of the Dungeon.
             The game lasted 00:02:50 (1693 turns).

Jynx the Insei (Draconian Transmuter)               Turns: 1693, Time: 00:02:50

Health: -2/35      AC:  7    Str: 12    XL:     4   Next: 16%
Magic:  3/8        EV: 12    Int: 14    God:
Gold:   67         SH:  0    Dex: 12    Spells: 2/8 levels left

rFire    . . .     SeeInvis .     - Unarmed
rCold    . . .     Gourm    .   (no shield)
rNeg     . . .     Faith    .   (armour unavailable)
rPois    .         Spirit   .   (helmet restricted)
rElec    .         Reflect  .   (no cloak)
rCorr    .         Harm     .   i - +0 pair of gloves
MR       .....                  p - +0 pair of boots
Stlth    ++........             (no amulet)
Regen    0.2/turn               (no ring)
MPRegen  0.2/turn               (no ring)

@: no status effects
A: unfitting armour, cold-blooded, AC +5
a: no special abilities


You were on level 2 of the Dungeon.
You were not hungry.

You visited 1 branch of the dungeon, and saw 2 of its levels.

You collected 67 gold pieces.

Inventory:

Missiles
 a - 47 arrows
Armour
 i - a +0 pair of gloves (worn)
 p - a +0 pair of boots (worn)
Jewellery
 e - an uncursed ring of protection from cold {unknown}
Scrolls
 j - a scroll of random uselessness {unknown}
 l - a scroll of identify {unknown}
 m - a scroll of amnesia {unknown}
 n - a scroll of enchant weapon {unknown}
 o - a scroll of enchant armour {unknown}
 q - a scroll of immolation {unknown}
Potions
 g - 2 potions of mutation {unknown}
 h - a potion of haste {unknown}
 k - a potion of heal wounds {unknown}
 r - 2 potions of curing {unknown}
Books
 b - a book of Changes

   Spells                             Type                      Level
   a - Beastly Appendage              Transmutation                1
   b - Sticks to Snakes               Transmutation                2
   c - Spider Form                    Transmutation/Poison         3
   d - Ice Form                       Ice/Transmutation            4
   e - Blade Hands                    Transmutation                5
Comestibles
 c - a bread ration
 d - 3 fruits
 f - 2 royal jellies


   Skills:
 - Level 1.1 Fighting
 - Level 1.7 Dodging
 - Level 1.0 Stealth
 - Level 3.0 Unarmed Combat
 + Level 2.9 Spellcasting
 + Level 3.0 Transmutations
 + Level 1.4 Poison Magic


You had 2 spell levels left.
You knew the following spells:

 Your Spells              Type           Power        Failure   Level  Hunger
a - Beastly Appendage     Tmut           ##....       6%          1    #......
b - Sticks to Snakes      Tmut           ##......     10%         2    ##.....
c - Spider Form           Tmut/Pois      #.........   26%         3    ###....


Dungeon Overview and Level Annotations

Branches:
Dungeon (2/15)

Altars:
Trog


Innate Abilities, Weirdness & Mutations

Your plain brown scales are hard. (AC +5)
You cannot fit into any form of body armour.
You are cold-blooded and may be slowed by cold attacks.


Message History

Your ball python dies!
The gnoll closely misses you.
The gnoll hits you from afar with a spear.
Your ball python bites the gnoll.
Your ball python grabs the gnoll.
Your ball python constricts the gnoll.
The gnoll closely misses your ball python.
Your ball python bites the gnoll.
Your ball python constricts the gnoll.
The gnoll hits you from afar with a halberd.
Your ball python bites the gnoll.
Your ball python constricts the gnoll.
The gnoll misses your ball python.
Your ball python loses its grip on something.
Casting: Sticks to Snakes
Confirm with . or Enter, or press ? or * to list all spells.
You create a snake!
You now have 47 arrows.
Your ball python bites the gnoll but does no damage.
Your ball python closely misses the gnoll.
The gnoll hits your ball python with a spear.
Your ball python dies!
The gnoll hits you from afar with a halberd!
You die...

#.###..>...............#
...................##.##
#.###.....#.##.#...##.#
#..............(...##.#
...................##.#
#..###......##.#...##.#
#..................##.#
#..............#..#....
###.##.........#@S###.#
..........##...#..# #.#
...........#...#g.###.#
..................g...#
.........####[.##.###.#
....#..#.####..##.....#
##..#..............##g#
....#..#.####..######g#
##................# #g#


You could see 2 gnolls and a friendly adder.

Vanquished Creatures
  A gnoll (D:2)
  2 adders (D:2)
  An ooze (D:1)
  3 dart slugs
  4 giant cockroaches
  4 goblins
  7 hobgoblins
  7 bats
  5 frilled lizards
  5 kobolds
  2 rats (D:1)
41 creatures vanquished.

Notes
Turn   | Place    | Note
-------+----------+-------------------------------------------
     0 | D:1      | Jynx the Draconian Transmuter began the quest for the Orb.
     0 | D:1      | Reached XP level 1. HP: 16/16 MP: 3/3
   143 | D:1      | Reached skill level 1 in Stealth
   163 | D:1      | Reached XP level 2. HP: 21/23 MP: 3/5
   212 | D:1      | Learned a level 2 spell: Sticks to Snakes
   556 | D:1      | Reached XP level 3. HP: 18/28 MP: 7/7
   892 | D:1      | Learned a level 3 spell: Spider Form
   937 | D:2      | Found a bloodstained altar of Trog.
  1237 | D:2      | Reached skill level 1 in Poison Magic
  1661 | D:2      | Reached XP level 4. HP: 35/35 MP: 6/8
  1693 | D:2      | Slain by a gnoll

Skill      XL: |  1  2  3 |
---------------+----------+-----
Stealth        | 1 |  1.0
Poison Magic   | 1 |  1.4
Transmutations | 3 |  3.0
Fighting       | |  1.1
Dodging        | |  1.7
Unarmed Combat | |  3.0
Spellcasting   | |  2.9

Action                   |  1- 3 |  4- 6 || total
-------------------------+-------+-------++-------
Melee: Unarmed           |   141 |     4 ||   145
       Tailslap          |    18 |       ||    18
       Headbutt          |     8 |       ||     8
       Kick              |     6 |       ||     6
 Cast: Beastly Appendage |    10 |       ||    10
       Sticks to Snakes  |       |     3 ||     3
  Use: Scroll            |     2 |       ||     2
  Eat: Chunk             |     2 |     1 ||     3
Armor: Skin              |    47 |       ||    47
Dodge: Dodged            |    96 |    10 ||   106
